Map: Ruins of Seras

Players

Hanuman - Winner!

  • Race: Zerg Zerg

MrPresident

  • Race: Zerg Zerg

VOD

Have the link to the VOD?

Description

Time

  • Played on: Feb. 4, 2016, 2:19 p.m.
  • Length: 4:20
Show
View Real Time Build Order
Export as new Build Order

Hanuman Zerg - Winner!

Build Orders: Pool First 

Get SALT Encoding   

  12  0:01  Drone  
  13  0:13  Drone, Extractor  
  13  0:16  Drone  
  14  0:34  Spawning Pool  
  13  0:39  Drone  
  14  0:46  Drone, Extractor  
  15  0:55  Overlord  
  15  1:21  Zergling x2, Queen  
  15  1:22  Zergling x4  
  20  1:35  Zergling x2  
  21  1:43  Metabolic Boost  
  21  1:45  Zergling x2  
  22  1:56  Overlord  
  22  2:15  Drone  
  23  2:23  Zergling x2  
  24  2:32  Zergling x8  
  28  2:38  Hatchery  
  26  2:48  Zergling x2  
  27  2:57  Zergling x2  
  28  3:06  Zergling x4  
  28  3:07  Overlord  
  27  3:28  Zergling x2  
  27  3:29  Zergling x2  
  29  3:41  Zergling x2  
  30  3:54  Drone  
  30  3:55  Drone  
Show
View Real Time Build Order
Export as new Build Order

MrPresident Zerg 

Build Orders: Hatch First 

Get SALT Encoding   

  12  0:01  Drone  
  13  0:36  Drone  
  13  0:37  Hatchery  
  13  0:53  Spawning Pool  
  12  0:57  Extractor  
  12  1:00  Drone  
  12  1:05  Drone  
  12  1:09  Drone  
  14  1:23  Overlord  
  14  1:44  Zergling x6  
  17  1:49  Queen  
  19  2:05  Metabolic Boost  
  19  2:08  Drone  
  20  2:14  Drone  
  21  2:22  Zergling x4  
  23  2:33  Queen  
  25  2:37  Zergling x2  
  23  2:52  Spine Crawler  
  23  2:53  Zergling x2  
  23  2:55  Zergling x2  
  23  2:58  Zergling x2  
  25  3:11  Lair  
  20  3:21  Zergling x4  
  20  3:26  Zergling x2  
  22  3:33  Zergling x2  
  22  3:34  Zergling x2  
  21  3:48  Zergling x2  
  21  3:50  Overlord  
  22  4:04  Roach Warren  
Tags
 
Add a new tag
Caveats
  • Supply blocks, unpowered buildings, or Contaminate may cause inaccurate times.
  • Supply counts are checked every 10 seconds.